 Dungeon Crawl Stone Soup version 0.22.1-2-g9c5b331 (webtiles) character file.

57 Malhgor the Ruffian (level 3, -5/54 HPs)
             Began as a Troll Berserker on Jan 1, 2019.
             Was a Believer of Trog.
             Slain by a gnoll
             ... wielding a +0 spear
              (9 damage)
             ... on level 3 of the Dungeon.
             The game lasted 00:02:57 (848 turns).

Malhgor the Ruffian (Troll Berserker)                Turns: 848, Time: 00:03:04

Health: -5/54      AC:  5    Str: 30    XL:     3   Next: 73%
Magic:  2/2        EV: 10    Int:  4    God:    Trog [**....]
Gold:   45         SH:  0    Dex:  9    Spells: 2/2 levels left

rFire    . . .     SeeInvis .     - Unarmed
rCold    . . .     Gourm    +   (no shield)
rNeg     . . .     Faith    .   a - +0 animal skin
rPois    .         Spirit   .   (helmet restricted)
rElec    .         Reflect  .   (no cloak)
rCorr    .         Harm     .   (gloves unavailable)
MR       ++...                  (boots unavailable)
Stlth    ..........             (no amulet)
HPRegen  1.58/turn              (no ring)
MPRegen  0.08/turn              (no ring)

@: berserking, regenerating, very quick
A: large, unfitting armour, claws 3, fast metabolism 3, gourmand, regeneration
1, shaggy fur 1, tough skin 2
a: Berserk, Trog's Hand, Renounce Religion


You were on level 3 of the Dungeon.
You worshipped Trog.
Trog was pleased with you.
You were very full.

You visited 1 branch of the dungeon, and saw 3 of its levels.

You collected 45 gold pieces.

Inventory:

Missiles
 d - 53 stones (quivered)
Armour
 a - a +0 animal skin (worn)
Jewellery
 i - an uncursed ring of protection from magic {unknown}
Scrolls
 c - 3 scrolls of identify {unknown}
 e - a scroll of magic mapping {unknown}
 f - a scroll of enchant armour {unknown}
 g - a scroll of teleportation {unknown}
Comestibles
 b - 8 rations
 h - 4 chunks of flesh


   Skills:
 + Level 2.8 Fighting
 + Level 2.8 Dodging
 * Level 4.0 Unarmed Combat


You had 2 spell levels left.
You didn't know any spells.
Your spell library was empty.

Dungeon Overview and Level Annotations

Branches:
Dungeon (3/15)

Altars:

Annotations:
D:1 Done


Innate Abilities, Weirdness & Mutations

You are too large for most types of armour.
You have claws for hands.
Your metabolism is lightning-fast.
You like to eat raw meat.
Your natural rate of healing is unusually fast.
You are covered in fur. (AC +1)
You have very tough skin. (AC +2)


Message History

The gnoll hits you from afar with a spear!
* * * LOW HITPOINT WARNING * * *
Your skin crawls.
You feel resistant to hostile enchantments.
The gnoll barely misses you. The gnoll closely misses you.
A red film seems to cover your vision as you go berserk!
You feel yourself moving faster!
You feel mighty!
You feel a lot less full. The gnoll closely misses you.
The gnoll hits you from afar with a spear!
* * * LOW HITPOINT WARNING * * *
You closely miss the gnoll.
The gnoll is heavily wounded.
The gnoll barely misses you. The gnoll hits you but does no damage.
You mangle the gnoll!!
You feel the power of Trog in you as your rage grows.
You kill the gnoll!
Trog accepts your kill.
Your Unarmed Combat skill increases to level 4!
The gnoll hits you from afar with a spear!
You die...

... #..
#.#<####.# ##
.........##.#
.........(.#
.......<.(##
...#####...#
##.##%# #%##
# #@# #)# ##g
.. .#. #... #
.# #


You could see a gnoll.

Vanquished Creatures
  2 gnolls (D:3)
  An ooze (D:1)
  A dart slug (D:2)
  A leopard gecko (D:1)
  2 bats (D:1)
  3 giant cockroaches (D:1)
  5 goblins (D:1)
  5 hobgoblins
  2 kobolds
  3 frilled lizards
  5 rats
30 creatures vanquished.

Notes
Turn   | Place    | Note
-------+----------+-------------------------------------------
     0 | D:1      | Malhgor the Troll Berserker began the quest for the Orb.
     0 | D:1      | Reached XP level 1. HP: 22/22 MP: 0/0
   126 | D:1      | Reached XP level 2. HP: 29/29 MP: 1/1
   490 | D:1      | Reached XP level 3. HP: 36/36 MP: 2/2
   648 | D:2      | Reached ** piety under Trog
   846 | D:3      | HP: 2/54 [gnoll/spear (7)]
   848 | D:3      | Reached skill level 4 in Unarmed Combat
   848 | D:3      | Slain by a gnoll

Skill      XL: |  1  2  3 |
---------------+----------+-----
Unarmed Combat | 4 |  4.0
Fighting       | |  2.8
Dodging        | |  2.8

Action                   || total
-------------------------++-------
Melee: Unarmed           ||    78
       Punch             ||     1
Throw: Stone             ||     6
Invok: Berserk           ||     1
       Trog's Hand       ||     1
  Use: Potion            ||     1
  Eat: Chunk             ||    13
Armor: Animal skin       ||    34
Dodge: Dodged            ||    42
